AoeStats
← tarepo

African Clearing

506063620Analyzed
4v4 RM · 21d ago on Sep 12, 2026· 70m 22s· 8 players
Game mode
Random Map
Map size
Large (8 player)
Population
200
Speed
Normal
Resources
Standard
Victory
Conquest
Starting age
Dark Age
Ending age
Imperial Age
RankedLock teamsTeams togetherTeam positionsShared explorationLock speedFull tech treeHidden civsTurbo modeCheats
Victory
Defeat
🇰🇷 Magyars · South Korea
855
+7
🇫🇷 Burgundians · France
819
+9
🇲🇽 Vietnamese · Mexico
818
+9
🇨🇳 Huns · China
812
+9
🇨🇳 Mongols · China
740
-11
🇹🇼 Japanese · Taiwan
716
-11
🇨🇳 Jurchens · China
636
-8
🇨🇭 Persians · Switzerland
487
-4
tarepo
5:12 Loom
17:57 Feudal Age
21:23 Man-at-Arms
24:59 Castle Age
24:09 Double-Bit Axe
25:17 Stone Mining
27:57 Light Cavalry
28:49 Bloodlines
28:12 Pikeman
28:53 Squires
29:07 Forging
28:57 Scale Mail Armor
34:29 Elite Skirmisher
42:54 Murder Holes
47:51 Iron Casting
47:32 Chain Mail Armor
49:40 Wheelbarrow
48:53 Town Watch
49:22 Gold Mining
50:56 Bow Saw
54:11 Town Watch
56:03 Hand Cart
tadasu
12:20 Loom
17:39 Feudal Age
18:57 Wheelbarrow
23:14 Fishing Lines
25:43 Castle Age
24:24 Double-Bit Axe
24:23 Horse Collar
27:05 Hand Cart
28:06 Gillnets
30:01 Caravan
31:59 Fervor
36:09 Heavy Plow
38:38 Bow Saw
39:46 Padded Archer Armor
39:57 Forging
39:47 Scale Mail Armor
43:11 Imperial Age
40:09 Pikeman
40:59 Squires
40:47 Arson
44:59 Chemistry
44:09 Siege Engineers
43:32 Elite Samurai
44:33 Kataparuto
44:34 Conscription
44:34 Halberdier
45:59 Chain Mail Armor
46:24 Iron Casting
53:31 Murder Holes
53:57 Ballistics
55:01 Leather Archer Armor
54:37 Fletching
AUFSTAND
12:09 Feudal Age
13:10 Double-Bit Axe
19:10 Castle Age
17:09 Loom
17:40 Stone Mining
19:34 Fletching
19:51 Scale Barding Armor
20:32 Bow Saw
22:20 Gold Mining
24:25 Wheelbarrow
23:51 Horse Collar
26:10 Husbandry
26:21 Bloodlines
26:51 Bodkin Arrow
27:23 Ballistics
29:56 Chain Barding Armor
30:52 Heavy Plow
31:57 Hand Cart
31:49 Padded Archer Armor
32:09 Thumb Ring
32:55 Elite Skirmisher
35:05 Gold Shaft Mining
37:10 Leather Archer Armor
37:29 Pikeman
38:12 Squires
40:47 Imperial Age
40:54 Scale Mail Armor
41:04 Forging
41:24 Nomads
42:16 Chain Mail Armor
42:02 Bracer
43:08 Conscription
43:56 Chemistry
43:49 Herbal Medicine
43:55 Arson
44:51 Iron Casting
45:59 Plate Mail Armor
48:50 Blast Furnace
50:38 Parthian Tactics
58:55 Murder Holes
59:06 Siege Engineers
shenyany
10:13 Loom
17:27 Feudal Age
18:13 Horse Collar
20:51 Double-Bit Axe
27:42 Castle Age
28:29 Bloodlines
29:37 Elite Skirmisher
30:20 Gold Mining
30:22 Stone Mining
30:46 Bow Saw
31:16 Wheelbarrow
30:26 Town Watch
32:11 Pikeman
35:34 Squires
36:43 Treadmill Crane
37:24 Heavy Plow
38:22 Gambesons
40:39 Scale Mail Armor
40:51 Forging
41:10 Murder Holes
41:53 Fletching
42:04 Padded Archer Armor
48:13 Imperial Age
46:07 Siege Engineers
46:52 Husbandry
47:39 Fortified Bastions
47:16 Light Cavalry
48:08 Caravan
49:16 Conscription
48:29 Halberdier
54:23 Chain Mail Armor
53:33 Hussar
55:45 Chemistry
55:00 Masonry
55:11 Ballistics
55:02 Fortified Wall
CostaldePapas
14:36 Feudal Age
19:39 Horse Collar
21:15 Fletching
21:26 Padded Archer Armor
21:17 Double-Bit Axe
22:16 Wheelbarrow
27:13 Castle Age
27:50 Gold Mining
28:31 Thumb Ring
27:50 Crossbowman
29:11 Bow Saw
29:52 Bodkin Arrow
31:17 Leather Archer Armor
31:39 Heated Shot
32:14 Ballistics
32:29 Hand Cart
36:06 Elite Skirmisher
44:01 Imperial Age
44:35 Town Watch
44:38 Loom
44:38 Imperial Skirmisher
45:44 Paper Money
44:48 Elite Rattan Archer
46:39 Chemistry
45:36 Murder Holes
47:46 Two-Man Saw
46:40 Stone Mining
51:56 Arbalester
55:31 Bracer
56:01 Ring Archer Armor
61:00 Town Patrol
64:08 Hoardings
62:58 Spies/Treason
64:19 Hoardings
lavive3113
11:17 Horse Collar
15:01 Double-Bit Axe
18:43 Feudal Age
20:46 Wheelbarrow
20:56 Heavy Plow
21:09 Bow Saw
21:40 Gold Mining
22:07 Scale Barding Armor
22:14 Forging
25:08 Castle Age
24:03 Gold Shaft Mining
24:41 Fletching
25:12 Cavalier
25:56 Husbandry
25:57 Bodkin Arrow
26:30 Loom
27:13 Crossbowman
27:59 Padded Archer Armor
30:13 Crop Rotation
34:06 Hand Cart
33:37 Town Watch
35:00 Two-Man Saw
35:24 Town Patrol
36:18 Leather Archer Armor
36:39 Iron Casting
36:25 Chain Barding Armor
41:07 Imperial Age
41:42 Burgundian Vineyards
42:31 Plate Barding Armor
42:57 Blast Furnace
41:58 Bracer
43:05 Chemistry
41:57 Guard Tower
42:27 Ballistics
42:04 Murder Holes
41:50 Treadmill Crane
42:57 Conscription
42:46 Paladin
46:44 Elite Coustillier
48:00 Hoardings
49:18 Elite Skirmisher
51:05 Imperial Skirmisher
62:36 Herbal Medicine
62:57 Block Printing
62:52 Fervor
62:43 Atonement
62:44 Devotion
63:10 Illumination
62:55 Redemption
63:06 Sanctity
62:12 Spies/Treason
康神开播了
16:46 Feudal Age
18:25 Wheelbarrow
17:37 Double-Bit Axe
17:39 Horse Collar
20:19 Gold Mining
24:49 Castle Age
26:00 Hand Cart
26:21 Gold Shaft Mining
25:48 Heavy Plow
26:01 Bow Saw
32:22 Imperial Age
30:40 Scale Barding Armor
30:46 Forging
32:41 Husbandry
32:51 Bloodlines
33:26 Chain Barding Armor
33:41 Iron Casting
34:08 Iron Casting
33:43 Cavalier
36:26 Plate Barding Armor
37:57 Blast Furnace
40:29 Paladin
42:04 Light Cavalry
47:14 Two-Man Saw
45:38 Hussar
o_happy
5:42 Loom
16:18 Feudal Age
21:45 Castle Age
21:27 Wheelbarrow
22:36 Double-Bit Axe
23:57 Husbandry
24:09 Bloodlines
23:29 Light Cavalry
33:15 Corvinian Army
33:18 Heated Shot
33:50 Ballistics
36:26 Imperial Age
34:56 Scale Barding Armor
37:54 Conscription
39:16 Bow Saw
40:16 Chain Barding Armor
41:23 Parthian Tactics
42:11 Heavy Cavalry Archer
43:16 Padded Archer Armor
43:07 Fletching
44:18 Hand Cart
45:42 Sappers
46:47 Hoardings
46:55 Hoardings
45:51 Sappers
47:07 Leather Archer Armor
46:48 Bodkin Arrow
47:29 Plate Barding Armor
48:45 Recurve Bow
48:34 Elite Magyar Huszar
50:20 Treadmill Crane
50:51 Masonry
54:33 Chemistry
53:54 Ballistics
53:25 Heated Shot
54:39 Horse Collar
Connection lost

Rejoining the realm…

Still unreachable

The connection could not be restored.

Session expired

The server has moved on; the page needs a fresh start.